AoeStats
← __87_KeepeR_Arg

MegaRandom

507206824Analyzed
4v4 RM · 17d ago on Sep 17, 2026· 76m 41s· 8 players
Game mode
Random Map
Map size
Large (8 player)
Population
200
Speed
Normal
Resources
Standard
Victory
Conquest
Starting age
Dark Age
Ending age
Imperial Age
RankedLock teamsTeams togetherTeam positionsShared explorationLock speedFull tech treeHidden civsTurbo modeCheats
Victory
Defeat
🇧🇷 Persians · Brazil
1505
+16
🇺🇸 Lithuanians · United States
1495
+17
🇦🇷 Muisca · Argentina
1480
+17
🇺🇸 Armenians · United States
1434
+19
🇦🇷 Britons · Argentina
1576
-19
🇦🇷 Hindustanis · Argentina
1525
-18
🇦🇷 Slavs · Argentina
1523
-18
🇦🇷 Mongols · Argentina
1419
-14
josh2bnow
10:09 Loom
12:09 Feudal Age
16:37 Castle Age
18:55 Horse Collar
19:12 Double-Bit Axe
20:53 Heavy Plow
20:54 Town Watch
21:25 Fletching
23:51 Bodkin Arrow
24:10 Bow Saw
24:48 Wheelbarrow
25:03 Wheelbarrow
25:10 Padded Archer Armor
28:22 Gold Mining
28:22 Stone Mining
28:50 Leather Archer Armor
32:56 Imperial Age
33:46 Bracer
34:14 Conscription
34:37 Ring Archer Armor
37:29 Ballistics
38:10 Chemistry
37:43 Hand Cart
38:00 Elite Composite Bowman
41:12 Fortified Wall
41:12 Masonry
40:57 Murder Holes
43:07 Guilds
42:57 Caravan
44:37 Gold Shaft Mining
47:36 Hoardings
47:11 Cilician Fleet
47:20 Careening
47:16 Siphons
47:22 Clinker Construction
51:32 Fishing Lines
52:02 Medium Warships
51:14 Demolition Ship
53:01 Dry Dock
53:02 Carvel Hull
52:53 Incendiaries
52:28 Heavy Demolition Ship
53:34 Heavy Warships
2rich4u81
11:20 Loom
13:45 Feudal Age
14:31 Double-Bit Axe
18:49 Castle Age
19:16 Fishing Lines
19:57 Bloodlines
19:55 Horse Collar
21:18 Bow Saw
21:36 Gillnets
22:16 Heavy Plow
24:24 Husbandry
29:07 Light Cavalry
31:06 Wheelbarrow
31:36 Scale Barding Armor
31:42 Forging
34:09 Imperial Age
32:41 Chain Barding Armor
32:44 Fletching
36:38 Conscription
35:39 Elite Leitis
36:59 Plate Barding Armor
37:00 Iron Casting
36:49 Hill Forts
36:53 Tower Shields
39:39 Bodkin Arrow
42:08 Hand Cart
45:43 Caravan
53:08 Chemistry
52:07 Murder Holes
61:35 Ballistics
61:36 Bombard Tower
60:58 Treadmill Crane
61:29 Masonry
63:59 Padded Archer Armor
64:05 Bracer
64:45 Hoardings
67:39 Gold Mining
67:40 Stone Mining
70:38 Coinage
70:19 Guilds
72:13 Leather Archer Armor
71:59 Scale Mail Armor
Perseu
9:21 Loom
11:25 Feudal Age
13:20 Fishing Lines
15:49 Castle Age
14:17 Double-Bit Axe
18:19 Horse Collar
23:02 Bow Saw
28:59 Imperial Age
27:41 Wheelbarrow
27:38 Bloodlines
28:58 Husbandry
29:05 Scale Barding Armor
29:18 Hand Cart
30:28 Two-Man Saw
30:06 Forging
29:58 Heavy Plow
30:41 Heavy Camel Rider
30:47 Cavalier
31:55 Chain Barding Armor
33:25 Plate Barding Armor
35:00 Iron Casting
36:08 Savar
39:00 Blast Furnace
39:43 Crop Rotation
41:30 Light Cavalry
42:18 Hussar
45:44 Gold Mining
45:46 Stone Mining
46:00 Pikeman
46:41 Squires
46:43 Scale Mail Armor
46:53 Halberdier
47:50 Chain Mail Armor
51:07 Caravan
52:41 Plate Mail Armor
54:05 Conscription
68:30 Medium Warships
68:39 Careening
68:39 Clinker Construction
69:12 Town Watch
70:09 Heavy Warships
70:07 Dry Dock
71:29 Carvel Hull
75:46 Coinage
75:27 Guilds
75:58 Arson
中國香港玩家
9:32 Loom
11:53 Feudal Age
15:55 Castle Age
14:30 Double-Bit Axe
14:59 Horse Collar
15:38 Gold Mining
17:25 Fletching
18:50 Bodkin Arrow
20:02 Padded Archer Armor
22:11 Wheelbarrow
22:43 Bow Saw
25:11 Hand Cart
27:35 Ballistics
28:28 Leather Archer Armor
30:49 Heavy Plow
35:39 Town Watch
36:31 Gold Shaft Mining
35:53 Stone Mining
40:50 Imperial Age
39:16 Forging
39:07 Scale Mail Armor
39:45 Stone Shaft Mining
39:56 Pikeman
40:37 Squires
41:27 Chain Mail Armor
41:47 Iron Casting
41:35 Bracer
42:38 Chemistry
42:07 Conscription
41:27 Elite Guecha Warrior
43:28 Iron Casting
43:08 Chain Mail Armor
42:21 Champi Runner
44:18 Two-Man Saw
43:49 Crop Rotation
43:34 Huaracas
43:01 Capped Ram
43:32 Champi Warrior
44:42 Herbalism
44:11 Elite Champi Warrior
46:29 Hoardings
46:09 Masonry
45:40 Capped Ram
47:30 Plate Mail Armor
47:18 Murder Holes
47:04 Treadmill Crane
47:59 Siege Engineers
47:36 Treadmill Crane
48:56 Onager
51:48 Siege Onager
_29_3ffect_Arg
6:20 Loom
12:16 Feudal Age
12:52 Double-Bit Axe
14:57 Fishing Lines
19:47 Castle Age
17:56 Horse Collar
18:22 Gold Mining
19:46 Bloodlines
19:57 Forging
21:18 Town Watch
23:36 Gillnets
24:29 Fervor
24:18 Stone Mining
25:06 Wheelbarrow
27:37 Stone Shaft Mining
27:24 Bow Saw
31:27 Imperial Age
29:32 Hand Cart
29:31 Scale Barding Armor
30:03 Husbandry
30:46 Heavy Plow
32:20 Iron Casting
31:39 Heavy Camel Rider
32:35 Grand Trunk Road
33:36 Gold Shaft Mining
33:36 Chain Barding Armor
33:38 Imperial Camel Rider
35:47 Conscription
37:32 Plate Barding Armor
36:57 Fletching
38:07 Blast Furnace
40:05 Siege Engineers
40:11 Masonry
40:36 Coinage
41:47 Banking
55:33 Light Cavalry
56:14 Hussar
62:24 Caravan
70:55 Chemistry
72:22 Shatagni
__87_KeepeR_Arg
4:17 Loom
12:45 Feudal Age
17:37 Castle Age
16:34 Fishing Lines
16:45 Double-Bit Axe
17:30 Horse Collar
22:33 Scale Barding Armor
23:44 Wheelbarrow
24:34 Bow Saw
25:58 Bloodlines
27:18 Chain Barding Armor
28:23 Heavy Plow
28:54 Forging
28:37 Gold Mining
29:21 Husbandry
29:46 Town Watch
32:14 Iron Casting
32:18 Hand Cart
36:04 Imperial Age
34:44 Fletching
34:55 Scale Mail Armor
34:17 Pikeman
34:58 Squires
36:00 Gold Shaft Mining
35:17 Stone Mining
36:06 Cavalier
36:13 Halberdier
37:56 Blast Furnace
37:35 Plate Barding Armor
38:04 Blast Furnace
38:34 Conscription
38:31 Chain Mail Armor
38:54 Druzhina
39:53 Bodkin Arrow
40:23 Conscription
39:43 Heavy Scorpion
41:35 Plate Mail Armor
42:37 Bodkin Arrow
44:01 Chemistry
43:06 Onager
46:58 Siege Engineers
47:14 Ballistics
47:40 Hoardings
47:29 Town Patrol
47:33 Siege Onager
50:50 Gillnets
51:01 Gillnets
50:46 Capped Ram
52:25 Masonry
52:47 Crop Rotation
53:22 Two-Man Saw
52:11 Siege Ram
65:34 Caravan
71:09 Light Cavalry
72:16 Light Cavalry
75:30 Coinage
__90_Squall_Arg
9:56 Loom
11:54 Feudal Age
16:14 Castle Age
14:17 Double-Bit Axe
14:14 Horse Collar
15:25 Town Watch
15:58 Fletching
16:57 Crossbowman
22:55 Wheelbarrow
23:04 Ballistics
22:41 Gold Mining
25:44 Stone Mining
26:27 Bow Saw
26:45 Heavy Plow
31:11 Imperial Age
29:30 Gold Shaft Mining
29:09 Bodkin Arrow
29:17 Padded Archer Armor
30:47 Leather Archer Armor
31:43 Hand Cart
31:20 Arbalester
32:02 Bracer
33:13 Chemistry
33:21 Ring Archer Armor
34:01 Yeomen
35:38 Two-Man Saw
36:04 Medium Warships
35:15 Demolition Ship
36:29 Conscription
36:44 Caravan
37:14 Coinage
37:51 Heavy Warships
37:19 Elite Skirmisher
37:51 Heavy Demolition Ship
38:52 Squires
38:54 Scale Mail Armor
39:04 Forging
40:04 Masonry
40:00 Siege Engineers
41:52 Architecture
41:03 Treadmill Crane
41:23 Elite Longbowman
43:03 Shipwright
43:00 Clinker Construction
44:20 Careening
44:09 Guard Tower
44:06 Arrowslits
44:13 Heated Shot
44:46 Warwolf
46:02 Chain Mail Armor
46:22 Iron Casting
45:08 Pikeman
45:34 Gambesons
45:34 Arson
46:44 Banking
46:25 Guilds
47:21 Dry Dock
47:25 Carvel Hull
47:46 Keep
48:50 Murder Holes
49:04 Siphons
51:44 Halberdier
52:56 Plate Mail Armor
53:26 Blast Furnace
53:39 Blast Furnace
54:07 Town Patrol
57:06 Fortified Wall
200_Darth Vader_Arg
5:50 Loom
9:42 Feudal Age
10:16 Double-Bit Axe
19:43 Castle Age
20:33 Medium Warships
23:39 Bow Saw
23:42 Fletching
24:28 Demolition Ship
26:49 Town Watch
26:58 Horse Collar
32:49 Wheelbarrow
35:14 Imperial Age
33:10 Town Patrol
33:19 Stone Mining
33:20 Gold Mining
34:00 Bodkin Arrow
35:26 Padded Archer Armor
35:52 Ballistics
36:24 Bracer
36:10 Heavy Demolition Ship
37:43 Conscription
38:18 Stone Shaft Mining
38:19 Gold Shaft Mining
39:50 Leather Archer Armor
39:45 Thumb Ring
40:42 Elite Mangudai
42:17 Parthian Tactics
43:52 Onager
46:12 Siege Onager
48:11 Drill
54:37 Chemistry
61:56 Caravan
61:37 Elite Skirmisher
71:09 Nomads
Connection lost

Rejoining the realm…

Still unreachable

The connection could not be restored.

Session expired

The server has moved on; the page needs a fresh start.